 Dungeon Crawl Stone Soup version 0.20.0-15-g7f486f2 (webtiles) character file.

21 renl the Insei (level 2, 0/18 HPs)
             Began as an Octopode Transmuter on July 4, 2017.
             Slain by a jackal (3 damage)
             ... on level 3 of the Dungeon.
             The game lasted 00:02:32 (657 turns).

renl the Insei (Octopode Transmuter)                 Turns: 657, Time: 00:02:33

Health: 0/18       AC:  1    Str:  9    XL:     2   Next: 83%
Magic:  5/5        EV: 13    Int: 15    God:
Gold:   74         SH:  0    Dex: 12    Spells: 4/5 levels left

rFire    . . .     SeeInvis .     - Unarmed
rCold    . . .     Gourm    .   (no shield)
rNeg     . . .     Faith    .   (helmet restricted)
rPois    .         Spirit   .   (no amulet)
rElec    .         Reflect  .   d - ring of resist corrosion
rCorr    +         Harm     .   (no ring)
MR       .....                  (no ring)
Stlth    ++........             (no ring)
Regen    0.1/turn               (no ring)
MPRegen  0.1/turn               (no ring)
                                (no ring)
                                (no ring)

@: appendage (expiring)
A: almost no armour, stealthy swim, amphibious, 8 rings, constrict 8, tentacle
spike 3, camouflage 1, gelatinous body 1
a: End Transformation


You were on level 3 of the Dungeon.
You were not hungry.
One of your tentacles had a temporary spike.
You visited 1 branch of the dungeon, and saw 3 of its levels.

You collected 74 gold pieces.

Inventory:

Missiles
 a - 12 arrows
Jewellery
 d - a ring of resist corrosion (left tentacle)
Scrolls
 e - a scroll of teleportation {unknown}
 h - a scroll of identify {unknown}
Potions
 g - 2 potions of brilliance {unknown}
 i - 2 potions of curing {unknown}
 j - a potion of haste {unknown}
Books
 b - a book of Changes

   Spells                             Type                      Level
   a - Beastly Appendage              Transmutation                1
   b - Sticks to Snakes               Transmutation                2
   c - Spider Form                    Transmutation/Poison         3
   d - Ice Form                       Ice/Transmutation            4
   e - Blade Hands                    Transmutation                5
Comestibles
 c - a bread ration
 f - 2 chunks of flesh


   Skills:
 + Level 1.0 Fighting
 + Level 2.2 Dodging
 + Level 0.8 Stealth
 * Level 3.6 Unarmed Combat
 - Level 2.0 Spellcasting
 * Level 2.2 Transmutations


You had 4 spell levels left.
You knew the following spells:

 Your Spells              Type           Power        Failure   Level  Hunger
a - Beastly Appendage     Tmut           #.....       9%          1    #......


Dungeon Overview and Level Annotations

Branches:
Dungeon (2/15)

Altars:


Innate Abilities, Weirdness & Mutations

You cannot wear most types of armour.
You are very stealthy in the water. (Stealth+)
You are amphibious.
You can wear up to eight rings at the same time.
You can use your tentacles to constrict eight enemies at once.
Your skin changes colour to match your surroundings (Stealth+).
Your rubbery body absorbs attacks. (AC +1, EV +1)
One of your tentacles bears a large vicious spike.


Message History

A jackal comes into view.
The kobold throws a stone.
The stone closely misses you.
The jackal moves out of view.
The jackal bites you.
* * * LOW HITPOINT WARNING * * *
Found a stone.
You see here a jackal corpse.
You barely miss the jackal. You grab the jackal.
You pierce the jackal, but do no damage.
You constrict the jackal, but do no damage.
The jackal closely misses you.
You barely miss the kobold. You grab the kobold.
You constrict the jackal, but do no damage.
You constrict the kobold. The kobold hits you but does no damage.
The jackal closely misses you.
An orc comes into view. It is wielding a short sword.
The orc shouts!
You tentacle-slap the jackal.
The jackal is lightly wounded.
You constrict the jackal. You constrict the kobold. The jackal bites you.
You die...

.. .. .##.
#o... ....
##...# #....
##h#.#
##Sh#K#
#..#@.#
#......##.##
#...### ..#
... #.## ..
.. #(# ..
...


You could see an adder, an orc, 2 jackals and a kobold.

Vanquished Creatures
  2 leopard geckos (D:1)
  2 bats (D:1)
  3 goblins
  3 hobgoblins (D:1)
  2 jackals (D:3)
  A kobold (D:1)
  4 rats
17 creatures vanquished.

Notes
Turn   | Place    | Note
-------+----------+-------------------------------------------
     0 | D:1      | renl the Octopode Transmuter began the quest for the Orb.
     0 | D:1      | Reached XP level 1. HP: 13/13 MP: 3/3
   358 | D:1      | Reached XP level 2. HP: 18/18 MP: 3/5
   645 | D:2      | You fall through a shaft!
   657 | D:3      | Slain by a jackal

Action                   || total
-------------------------++-------
Melee: Unarmed           ||    47
       Constrict         ||    12
       Tentacles         ||     5
       Punch             ||     1
       Kick              ||     4
 Cast: Beastly Appendage ||     7
 Stab: Sleeping          ||     5
Armor: Skin              ||     5
Dodge: Dodged            ||    29
